 Dungeon Crawl Stone Soup version 0.30-a0-986-g7f2e898f52 (webtiles) character file.

Game seed: 14648645139059596988

30503 kae the Transmogrifier (level 13, -2/111 HPs)
             Began as a Demonspawn Transmuter on Apr 1, 2023.
             Was an Elder of Qazlal.
             Slain by a death yak (21 damage)
             ... on level 2 of the Lair of Beasts.
             The game lasted 00:13:27 (14281 turns).

kae the Transmogrifier (Demonspawn Transmuter)     Turns: 14281, Time: 00:13:28

Health: -2/111     AC: 13    Str: 10    XL:     13   Next: 20%
Magic:  23/23      EV: 22    Int: 19    God:    Qazlal [****..]
Gold:   952        SH:  9    Dex: 15    Spells: 9/26 levels left

rFire   x . .      SeeInvis .    n - melded +8 hammer of Bread {vamp, rPois rC+ Will+ Int+3}
rCold   + + +      Faith    .    (shield currently unavailable)
rNeg    . . .      Spirit   .    a - melded +0 robe
rPois   +          Reflect  .    (helmet currently unavailable)
rElec   .          Rampage  .    m - melded +1 cloak
rCorr   +                        (gloves currently unavailable)
Will    .....                    (boots currently unavailable)
Stlth   +                        (no amulet)
HPRegen 0.38/turn                E - +5 ring of evasion
MPRegen 0.18/turn                R - ring of resist corrosion

@: agile, ice-form, wereblooded (expiring), repel missiles
A: freezing attack, amphibious, boosted hp, large, (antennae 1), (large bone
plates 1), icemail 1, powered by pain 2, condensation shield
a: End Transformation, Renounce Religion, Upheaval, Elemental Force


You were on level 2 of the Lair of Beasts.
You worshipped Qazlal.
Qazlal was greatly pleased with you.
You were a creature of crystalline ice.
You visited 3 branches of the dungeon, and saw 13 of its levels.
You also visited: Sewer and Bailey.

You collected 1407 gold pieces.
You spent 455 gold pieces at shops.


Innate Abilities, Weirdness & Mutations

You are a creature of crystalline ice.
You have a powerful freezing melee attack.
You are amphibious.
Your maximum health is increased.
Your armour is entirely melded.
You are incapable of wielding weapons or throwing items.
((You have a pair of small antennae on your head.))
((You are partially covered in large bone plates. (SH +4)))
A meltable icy envelope protects you from harm. (AC +4)
You sometimes gain power by taking damage.
A meltable shield of frost defends you. (SH +4)


   Skills:
 + Level 5.9 Fighting
 + Level 5.7 Dodging
 * Level 7.9 Unarmed Combat
 + Level 7.2 Spellcasting
 * Level 10.2 Transmutations
 - Level 5.0 Ice Magic
 * Level 9.9 Air Magic
 - Level 2.5 Poison Magic
 + Level 7.3 Invocations


You had 9 spell levels left.
You knew the following spells:

 Your Spells              Type           Power      Damage    Failure   Level
a - Beastly Appendage     Tmut           90%        N/A       1%          1
b - Wereblood             Tmut           45%        N/A       1%          2
c - Spider Form           Tmut/Pois      31%        N/A       2%          3
d - Ice Form              Ice/Tmut       35%        N/A       4%          4
e - Storm Form            Tmut/Air       22%        N/A       80%         7

Your spell library contained the following spells:

 Spells                   Type           Power      Damage    Failure   Level
 Poisonous Vapours        Pois/Air       60%        N/A       1%          2
 Cigotuvi's Dreadful Rot  Necr/Pois/Air  44%        N/A       2%          2
 Frozen Ramparts          Ice            50%        1d8       3%          3
 Mephitic Cloud           Conj/Pois/Air  22%        N/A       5%          3
 Slow                     Hex            24%        N/A       10%         1
 Blink                    Tloc           12%        N/A       16%         2
 Confusing Touch          Hex            6%         N/A       30%         3
 Gell's Gravitas          Tloc           6%         N/A       30%         3
 Stone Arrow              Conj/Erth      12%        3d7       30%         3
 Summon Guardian Golem    Hex/Summ       6%         N/A       30%         3
 Teleport Other           Tloc           6%         N/A       30%         3
 Vampiric Draining        Necr           6%         2d6       30%         3
 Summon Ice Beast         Ice/Summ       16%        N/A       34%         4
 Animate Armour           Summ/Erth      12%        N/A       69%         4
 Cause Fear               Hex            3%         N/A       69%         4
 Dispel Undead            Necr           6%         3d8       69%         4
 Manifold Assault         Tloc           6%         N/A       69%         4
 Dragon Form              Tmut           22%        N/A       77%         7
 Death Channel            Necr           3%         N/A       100%        6
 Dispersal                Tloc           3%         N/A       100%        6
 Orb of Destruction       Conj           3%         9d5       100%        7
 Spellforged Servitor     Conj/Summ      3%         N/A       100%        7
 Lehudib's Crystal Spear  Conj/Erth      3%         10d2      100%        8
 Dragon's Call            Summ           3%         N/A       100%        9

Inventory:

Hand Weapons
 n - the +8 hammer of Bread (melded) {vamp, rPois rC+ Will+ Int+3}
   (You found it on level 2 of the Dungeon)

   Int:       It affects your intelligence (+3).
   rC:        It protects you from cold.
   rPois:     It protects you from poison.
   Will:      It increases your willpower.
Missiles
 d - 144 stones
 k - 27 javelins
 o - 2 throwing nets {=f!f}
 r - 10 boomerangs
 O - 7 poisoned darts
Armour
 a - a +0 robe (melded)
 m - a +1 cloak (melded)
   (You took it off Crazy Yiuf on level 2 of the Dungeon)
Magical Staves
 s - a staff of earth {!a}
   (You found it on level 4 of the Dungeon)
 D - a staff of poison {!a}
   (You found it in a bailey)
Jewellery
 E - a +5 ring of evasion (left front paw)
   (You found it on level 5 of the Dungeon)
 F - the amulet of the Four Winds {rN+ Will+++ Clar}
   (You found it on level 10 of the Dungeon)

   [amulet of nothing]

   rN:        It protects you from negative energy.
   Clar:      It protects you against confusion.
   Will:      It greatly increases your willpower.
 I - a +6 ring of intelligence
   (You found it on level 1 of the Lair of Beasts)
 R - a ring of resist corrosion (right front paw)
   (You found it on level 9 of the Dungeon)
Wands
 v - a wand of polymorph (9)
   (You found it on level 5 of the Dungeon)
 J - a wand of flame (13)
   (You found it on level 10 of the Dungeon)
 K - a wand of roots (3)
   (You found it on level 10 of the Dungeon)
Scrolls
 h - 3 scrolls of amnesia
 i - 4 scrolls of teleportation {@r4}
 p - 2 scrolls of enchant weapon
 t - a scroll of torment {!r}
 y - 2 scrolls of immolation {!r!r}
 A - 2 scrolls of blinking {!r}
 B - 3 scrolls of poison {!r}
 C - 4 scrolls of magic mapping {!r}
 H - 2 scrolls of fog
 L - a scroll of enchant armour
 P - a scroll of silence {!r}
Potions
 b - 4 potions of lignification {!q}
 c - 4 potions of attraction {!q}
 e - 10 potions of curing {@q1}
 f - a potion of cancellation
 g - 2 potions of flight
 j - 9 potions of brilliance
 l - a potion of might
 q - 2 potions of mutation {!q}
 u - 5 potions of magic {unknown}
 w - a potion of berserk rage {!q}
 x - 2 potions of degeneration {!q}
 z - 2 potions of heal wounds {unknown}

Dungeon Overview and Level Annotations

Branches:
Dungeon (10/15) Zot: 25802  Temple (1/1) D:7 Zot: 5794    Lair (2/5) D:9 Zot: 9893
  Snake (0/4) Lair:2        Sewer (visited)          Bailey (visited)
  Swamp: Lair:2-3    Shoals: Lair:2-3       Orc: D:9-12

Altars:
Ashenzari
Cheibriados
Dithmenos
Fedhas
Gozag
Hepliaklqana
Kikubaaqudgha
Makhleb
Nemelex Xobeh
Okawaru
Qazlal
Ru
Sif Muna
Trog
Uskayaw
Vehumet
Wu Jian
Xom
Yredelemnul

Shops:
D:6 ?   D:8 =(   D:9 ?   D:10 (!?

Annotations:
D:2 Terence
Lair:1 3 runed translucent doors, surr's ghost, journeyman GnFE

#P........ #
##......... ###.
##...#.####.
##...####
#...#.## ##
........##
##..#.##
........P#
##..####
........## ##...#
.......○Y###....#
##.#....#Y#.#...#
#....####..†##
##..## #....##
#....####..#.#
##....##....##
##...####..#
#...###...#
##..#....##
##.......#


You could see a death yak.


Message History

The death yak is engulfed in blazing flames.
You punch the death yak! You freeze the death yak.
The death yak completely misses you.
The death yak is engulfed in blazing flames.
You hit the death yak but do no damage.
The death yak gores you but does no damage.
The death yak is engulfed in blazing flames. 😕 HP[+1]
You pummel the death yak!! You freeze the death yak.
You feel a bit better.
You kill the death yak!
Qazlal accepts your kill.
The death yak is engulfed in blazing flames. 😕 HP[+3]
You regained 3 hp, and now have 88/111 hp.
You punch the death yak! You freeze the death yak.
The death yak gores you! 😮 HP[-8] MP[+1]
You take 8 damage, and now have 80/111 hp.
You punch the death yak! You freeze the death yak.
The death yak gores you. 😮 HP[-5]
You take 5 damage, and now have 75/111 hp.
You hit the death yak but do no damage. You hit the death yak but do no damage.
The death yak gores you but does no damage.
You hit the death yak. You freeze the death yak.
You block the death yak's attack. 😮 HP[+1]
You hit the death yak but do no damage. The death yak gores you!!
* * * LOW HITPOINT WARNING * * *
😨 HP[-21]
You take 21 damage, and now have 55/111 hp.
You hit the death yak. You freeze the death yak.
You block the death yak's attack. 😨 MP[+1]
You hit the death yak. You freeze the death yak.
The death yak barely misses you. 😮 HP[+1]
You hit the death yak but do no damage. The death yak closely misses you.
You hit the death yak. You freeze the death yak.
You block the death yak's attack.
You hit the death yak but do no damage. 😮 HP[+1]
You punch the death yak! You freeze the death yak.
You block the death yak's attack.
You punch the death yak! You freeze the death yak. The death yak gores you!
* * * LOW HITPOINT WARNING * * *
You focus on the pain.
You feel your power returning. 😨 HP[-16] MP[+2]
You take 16 damage, and now have 41/111 hp.
Your mp is fully restored (23).
You punch the death yak! You freeze the death yak.
You feel a bit better.
You kill the death yak!
Qazlal accepts your kill. 😨 HP[+4]
You regained 4 hp, and now have 45/111 hp.
You punch the death yak! You freeze the death yak.
You howl as the wereblood boils in your veins!
You block the death yak's attack.
You punch the death yak! You freeze the death yak.
You howl as the wereblood boils in your veins!
The death yak is engulfed in a thunderstorm.
You hit the death yak but do no damage. 😨 HP[+1]
You hit the death yak. You freeze the death yak.
You howl as the wereblood boils in your veins!
You punch the death yak! You freeze the death yak.
You howl as the wereblood boils in your veins!
The death yak gores you but does no damage.
The death yak is engulfed in a thunderstorm.
You punch the death yak! You freeze the death yak!
You howl as the wereblood boils in your veins!
The death yak gores you!
* * * LOW HITPOINT WARNING * * *
The death yak is engulfed in freezing vapours. 😨 HP[-14]
You take 14 damage, and now have 32/111 hp.
You punch the death yak! You freeze the death yak.
The death yak is engulfed in freezing vapours.
You kill the death yak!
Qazlal accepts your kill.
You block the death yak's attack. 😨 HP[+1]
You hit the death yak. You freeze the death yak.
The death yak closely misses you.
You punch the death yak! You freeze the death yak. You hit the death yak.
You freeze the death yak.
You feel a bit better.
You kill the death yak!
Qazlal accepts your kill. 😨 HP[+2]
You regained 2 hp, and now have 35/111 hp.
You hit the death yak. You freeze the death yak.
The death yak barely misses you.
You hit the death yak but do no damage. The death yak barely misses you.
You hit the death yak but do no damage. The death yak gores you!
* * * LOW HITPOINT WARNING * * *
😱 HP[-16]
You take 16 damage, and now have 19/111 hp.
You hit the death yak. You freeze the death yak.
Your primal bloodlust is almost over.
The death yak gores you!!
You die...

Skill      XL: |  1  2  3  4  5  6  7  8  9 10 11 12 13 |
---------------+----------------------------------------+-----
Transmutations | 2 3 4 5 6 7 8 9 10 | 10.2
Unarmed Combat | 3 4 5 6 7 |  7.9
Poison Magic   | 1 2 |  2.5
Spellcasting   | 3 4 5 6 7 |  7.2
Ice Magic      | 1 2 4 5 |  5.0
Dodging        | 2 3 4 5 |  5.7
Fighting       | 3 4 5 |  5.9
Invocations    | 3 5 6 7 |  7.3
Air Magic      | 1 3 9 |  9.9

Action                     |  1- 3 |  4- 6 |  7- 9 | 10-12 | 13-15 || total
---------------------------+-------+-------+-------+-------+-------++-------
  Melee: Unarmed           |    89 |    32 |   240 |   448 |    80 ||   889
         Kick              |    22 |    22 |     4 |       |       ||    48
         Headbutt          |    17 |    13 |     2 |       |       ||    32
         Punch             |     2 |     4 |     1 |       |       ||     7
         Mace              |       |   108 |    35 |    16 |       ||   159
   Cast: Beastly Appendage |    27 |    24 |     1 |       |       ||    52
         Spider Form       |     1 |     4 |     8 |       |       ||    13
         Ice Form          |       |       |    21 |    46 |     6 ||    73
         Wereblood         |       |       |     6 |    17 |     2 ||    25
Ability: End Transformatio |       |       |     1 |       |       ||     1
  Evoke: Wand              |       |       |       |     3 |       ||     3
    Use: Scroll            |       |    13 |     6 |     8 |       ||    27
         Potion            |       |       |       |     3 |       ||     3
   Stab: Sleeping          |     1 |     1 |     2 |       |       ||     4
         Petrifying        |       |       |       |     1 |       ||     1
         Petrified         |       |       |       |     1 |       ||     1
 Armour: Robe              |    16 |    30 |     4 |     3 |       ||    53
         Skin              |       |     3 |    40 |   176 |    10 ||   229
  Dodge: Dodged            |    44 |   162 |   166 |   480 |    18 ||   870
  Block: Other             |     5 |    41 |    42 |   204 |    26 ||   318

Levels and vault maps discovered:
D:1:      dpeg_arrival_boxes_within_box, layout_loops_ring
D:2:      layout_basic, serial_corexii_hall, corexii_hall_statues_i,
          chequers_hall_statues_corner_a, chequers_hall_statues_wall_a,
          corexii_hall_statues_t, chequers_hall_statues_corner_a,
          corexii_hall_statues_u, dreamdust_princess_corridor, uniq_terence,
          uniq_crazy_yiuf_cottage
D:3:      layout_basic, nemelex_altar_shiori, minmay_door_square,
          eino_tiny_chamber, uniq_jessica
D:4:      layout_basic, grunt_ministairs_11
D:5:      layout_layer_cave, marbit_many_paths, cheibrodos_sewer_entry_drain,
          eino_curves_03
D:6:      minmay_octagon_keep, layout_rooms, serial_shops,
          nicolae_shop_temple_entry_statues_fountains, nicolae_lava_and_water,
          st_stairs_8, hangedman_decor_points
D:7:      layout_basic, minmay_temple_entry_mist, uniq_prince_ribbit1
D:8:      nicolae_cairo_tiling_very_big, layout_basic, serial_shops, shop,
          minmay_shop_enchanted_jewellery
D:9:      layout_cave_pools, due_lair_maze_entry_diamond, serial_shops,
          nicolae_lakefront_shop, enter_bailey_3, moated_statue
D:10:     statuecave_lemuel, layout_cave_pools, serial_shops, shop, shop,
          nicolae_shop_bloodbath_and_beyond
Temple:   nicolae_temple_slightly_damp_pantheon
Lair:1:   layout_loops_ring, gammafunk_ghost_hydra_chop, minivault_26,
          infiniplex_staircase_pool_2, grunt_megastairs_2, lemuel_fruit_tree,
          lemuel_fruit_fields
Lair:2:   layout_cave_pods, minmay_snake_entry_six_corridors,
          grunt_forest_stairs_basic, lemuel_fruit_fields

Notes
Turn   | Place    | Note
-------+----------+-------------------------------------------
     0 | D:1      | kae the Demonspawn Transmuter began the quest for the Orb.
     0 | D:1      | Reached XP level 1. HP: 15/15 MP: 3/3
     0 | D:1      | magus.rc [v1.11.3]
   138 | D:1      | Reached skill level 2 in Transmutations
   140 | D:1      | HP: 2/15 [hobgoblin (2)]
   279 | D:1      | Gained mutation: You sometimes gain a little power by
                  | taking damage. [demonic ancestry]
   279 | D:1      | Reached XP level 2. HP: 21/21 MP: 3/5
   795 | D:1      | Reached skill level 3 in Unarmed Combat
   894 | D:2      | Learned a level 2 spell: Wereblood
   969 | D:2      | Gained mutation: A meltable shield of frost defends you.
                  | (SH +4) [demonic ancestry]
   969 | D:2      | Reached XP level 3. HP: 23/26 MP: 4/6
   973 | D:2      | Learned a level 3 spell: Spider Form
  1588 | D:2      | Found a runed translucent door.
  1589 | D:2      | Noticed Crazy Yiuf
  1707 | D:2      | Noticed Terence
  1931 | D:2      | Killed Crazy Yiuf
  1932 | D:2      | Reached skill level 1 in Poison Magic
  1932 | D:2      | Gained mutation: You sometimes gain power by taking damage.
                  | [demonic ancestry]
  1932 | D:2      | Reached XP level 4. HP: 17/32 MP: 3/7
  1969 | D:2      | Identified the +8 hammer of Bread {vamp, rPois rC+ Will+
                  | Int+3}
  2117 | D:3      | Reached skill level 3 in Transmutations
  2236 | D:3      | Noticed Jessica
  2241 | D:3      | Killed Jessica
  2338 | D:3      | Reached skill level 2 in Poison Magic
  2501 | D:3      | Reached XP level 5. HP: 37/37 MP: 6/9
  2560 | D:3      | Found a sparkling altar of Nemelex Xobeh.
  2613 | D:3      | You pick up a book of Vapours and begin reading...
  2613 | D:3      | You add the spells Poisonous Vapours, Cigotuvi's Dreadful
                  | Rot and Mephitic Cloud to your library.
  2979 | D:4      | HP: 9/37 [acid (9)]
  3128 | D:4      | Reached skill level 3 in Spellcasting
  3128 | D:4      | Reached XP level 6. HP: 38/43 MP: 10/10
  3284 | D:4      | Reached skill level 4 in Transmutations
  4016 | D:5      | Entered Level 5 of the Dungeon
  4049 | D:5      | Found a glowing drain.
  4076 | D:5      | You pick up a book of Decay and begin reading...
  4076 | D:5      | You add the spells Dispel Undead and Death Channel to your
                  | library.
  4094 | Sewer    | Entered a sewer
  4185 | Sewer    | Reached skill level 4 in Unarmed Combat
  4195 | Sewer    | Learned a level 4 spell: Ice Form
  4337 | Sewer    | Reached skill level 1 in Ice Magic
  4337 | Sewer    | Reached XP level 7. HP: 25/48 MP: 9/12
  4401 | Sewer    | Found a shimmering altar of Xom.
  4637 | D:5      | Reached skill level 5 in Transmutations
  4637 | D:5      | Reached skill level 2 in Ice Magic
  4929 | D:5      | Reached skill level 4 in Spellcasting
  5557 | D:5      | Found a stormy altar of Qazlal.
  5569 | D:5      | Reached XP level 8. HP: 54/54 MP: 10/14
  5608 | D:5      | Reached skill level 3 in Ice Magic
  5835 | D:6      | Reached skill level 6 in Transmutations
  5928 | D:6      | Reached skill level 5 in Unarmed Combat
  5940 | D:6      | Found Vaiplout's Magic Scroll Boutique.
  5955 | D:6      | Reached skill level 4 in Ice Magic
  6064 | D:6      | Bought a scroll of magic mapping for 105 gold pieces
  6064 | D:6      | Bought a scroll of blinking for 105 gold pieces
  6064 | D:6      | Bought a scroll of identify for 28 gold pieces
  6504 | D:6      | Reached skill level 2 in Dodging
  6532 | D:6      | Gained mutation: A meltable icy envelope protects you from
                  | harm. (AC +4) [demonic ancestry]
  6532 | D:6      | Reached XP level 9. HP: 48/59 MP: 12/16
  6633 | D:6      | You add the spells Blink, Manifold Assault and Storm Form
                  | to your library.
  6846 | D:7      | Found a staircase to the Ecumenical Temple.
  6869 | Temple   | Entered the Ecumenical Temple
  7185 | D:5      | Became a worshipper of Qazlal Stormbringer
  7252 | D:7      | Reached skill level 5 in Spellcasting
  7252 | D:7      | Reached skill level 5 in Ice Magic
  7264 | D:7      | Reached skill level 2 in Fighting
  7270 | D:7      | Reached skill level 7 in Transmutations
  7299 | D:7      | Reached skill level 1 in Invocations
  7450 | D:7      | Reached skill level 2 in Invocations
  7453 | D:7      | Noticed Prince Ribbit
  7464 | D:7      | Killed Prince Ribbit
  7465 | D:7      | Reached skill level 3 in Dodging
  7804 | D:7      | Reached skill level 3 in Fighting
  7870 | D:7      | Reached skill level 3 in Invocations
  8110 | D:7      | Learned a level 7 spell: Storm Form
  8145 | D:8      | Found Beneeg's Jewellery Shoppe.
  8163 | D:8      | Reached skill level 6 in Unarmed Combat
  8165 | D:8      | Reached skill level 1 in Air Magic
  8165 | D:8      | Reached XP level 10. HP: 52/70 MP: 13/18
  8289 | D:8      | Reached * piety under Qazlal
  8399 | D:8      | Reached skill level 8 in Transmutations
  8623 | D:8      | Found Utar's Antique Weapon Emporium.
  8969 | D:8      | Reached skill level 2 in Air Magic
  8982 | D:8      | Reached skill level 4 in Invocations
  9460 | D:9      | Found a flagged portal.
  9466 | Bailey   | Entered a bailey
  9475 | Bailey   | Reached skill level 4 in Dodging
  9551 | Bailey   | Reached ** piety under Qazlal
  9552 | Bailey   | Reached skill level 6 in Spellcasting
  9625 | Bailey   | Reached skill level 3 in Air Magic
  9760 | Bailey   | Reached skill level 4 in Fighting
 10173 | Bailey   | Reached skill level 5 in Invocations
 10453 | D:9      | Found a staircase to the Lair.
 10493 | D:9      | Gained mutation: You have a pair of small antennae on your
                  | head. [demonic ancestry]
 10493 | D:9      | Reached XP level 11. HP: 74/78 MP: 17/20
 10531 | D:9      | Reached skill level 4 in Air Magic
 10775 | D:9      | Found Lirillob's Magic Scroll Boutique.
 10785 | D:9      | Bought a scroll of magic mapping for 105 gold pieces
 10785 | D:9      | Bought a scroll of identify for 28 gold pieces
 10786 | D:9      | Bought a scroll of identify for 28 gold pieces
 10786 | D:9      | Bought a scroll of identify for 28 gold pieces
 10856 | D:9      | You pick up a book of Dangerous Friends and begin
                  | reading...
 10856 | D:9      | You add the spells Summon Guardian Golem, Orb of
                  | Destruction and Spellforged Servitor to your library.
 10950 | D:10     | Entered Level 10 of the Dungeon
 10959 | D:10     | Acquired 611 gold pieces
 10983 | D:10     | Found the amulet of the Four Winds {rN+ Will+++ Clar}
 11006 | D:10     | Reached *** piety under Qazlal
 11150 | D:10     | Found Jecruwism's Distillery.
 11296 | D:10     | Reached skill level 9 in Transmutations
 11369 | D:10     | You pick up a book of Armaments and begin reading...
 11369 | D:10     | You add the spells Stone Arrow, Animate Armour and
                  | Lehudib's Crystal Spear to your library.
 11386 | D:10     | Found Ussymu's Magic Scroll Shoppe.
 11395 | D:10     | Bought a scroll of identify for 28 gold pieces
 11571 | D:10     | Noticed a two-headed ogre
 11583 | D:10     | Killed a two-headed ogre
 11733 | D:10     | You add the spells Gell's Gravitas, Teleport Other and
                  | Dispersal to your library.
 11854 | D:10     | Found Icylir's Weapon Boutique.
 11964 | Lair:1   | Entered Level 1 of the Lair of Beasts
 12209 | Lair:1   | Reached skill level 6 in Invocations
 12345 | Lair:1   | You pick up a book of the Dragon and begin reading...
 12345 | Lair:1   | You add the spells Cause Fear, Dragon Form and Dragon's
                  | Call to your library.
 12362 | Lair:1   | Reached skill level 5 in Fighting
 12537 | Lair:1   | Found a runed translucent gate.
 12537 | Lair:1   | Found a runed translucent gate.
 12538 | Lair:1   | Found a runed translucent gate.
 12544 | Lair:1   | Reached skill level 5 in Air Magic
 12560 | Lair:1   | Noticed surr's ghost (journeyman GnFE)
 12562 | Lair:1   | Noticed a ten-headed hydra
 12642 | Lair:1   | You pick up a book of Debilitation and begin reading...
 12642 | Lair:1   | You add the spells Slow, Vampiric Draining and Confusing
                  | Touch to your library.
 12681 | Lair:1   | Reached skill level 5 in Dodging
 12681 | Lair:1   | Reached skill level 7 in Unarmed Combat
 13174 | Lair:1   | Identified a potion of experience
 13175 | Lair:1   | Reached skill level 9 in Air Magic
 13175 | Lair:1   | Gained mutation: You are partially covered in large bone
                  | plates. (SH +4) [demonic ancestry]
 13175 | Lair:1   | Reached XP level 12. HP: 86/86 MP: 22/22
 13520 | Lair:2   | Noticed a catoblepas
 13528 | Lair:2   | Killed a catoblepas
 13622 | Lair:2   | You pick up a book of Rime and begin reading...
 13622 | Lair:2   | You add the spells Frozen Ramparts and Summon Ice Beast to
                  | your library.
 13674 | Lair:2   | Noticed a five-headed hydra
 13681 | Lair:1   | Killed a five-headed hydra
 13685 | Lair:1   | Reached skill level 7 in Spellcasting
 13801 | Lair:2   | HP: 21/103 [komodo dragon (26)]
 13806 | Lair:2   | HP: 7/103 [black mamba (5)]
 13815 | Lair:2   | Reached XP level 13. HP: 30/92 MP: 23/23
 13997 | Lair:2   | Reached **** piety under Qazlal
 14026 | Lair:2   | Reached skill level 7 in Invocations
 14086 | Lair:2   | Reached skill level 10 in Transmutations
 14203 | Lair:2   | Found a staircase to the Snake Pit.
 14280 | Lair:2   | HP: 19/111 [death yak (17)]
 14281 | Lair:2   | Slain by a death yak

Vanquished Creatures
  A hydra (Lair:1)
  A catoblepas (Lair:2)
  A two-headed ogre (D:10)
  4 death yaks (Lair:2)
  5 black mambas
  A cane toad (Lair:1)
  3 komodo dragons
  Prince Ribbit (D:7)
  2 shadows (D:10)
  29 yaks
  2 wyverns
  3 basilisks
  An acid dragon (D:9)
  12 water moccasins
  A sky beast (D:7)
  9 orc warriors
  3 ogres
  7 black bears
  6 wolves (Lair:1)
  12 centaurs
  3 phantoms
  A kobold brigand (D:9)
  14 bullfrogs
  A gnoll sergeant (D:8)
  10 scorpions
  7 wights (D:7)
  9 killer bees
  6 howler monkeys
  An electric eel (D:10)
  8 jellies
  3 hounds
  Crazy Yiuf (D:2)
  4 orc priests
  A sleepcap (D:6)
  Jessica (D:3)
  4 iguanas
  5 orc wizards
  4 gnolls (D:8)
  10 adders
  A river rat (Sewer)
  A shadow imp (D:5)
  3 white imps
  2 ufetubi (D:4)
  2 worms (Sewer)
  A dart slug (D:3)
  49 orcs
  8 bats
  16 endoplasms
  9 giant cockroaches
  10 goblins
  5 hobgoblins
  2 jackals (D:5)
  6 kobolds
  2 quokkas
  13 ball pythons
  7 frilled lizards
  2 rats (Sewer)
336 creatures vanquished.

Vanquished Creatures (others)
  49 fungi
  53 plants
102 creatures vanquished.

Grand Total: 438 creatures vanquished

Table legend:
 A = Non-vault XP
 B = Vault XP
 C = Vault XP percentage of total XP
 D = Non-vault monster count
 E = Vault monster count
 F = Vault count percentage of total count
                 A         B        C        D         E       F
            +---------+---------+-------+---------+---------+-------
      Total |   21276 |    8082 |  27.5 |     217 |     119 |  35.4
            +---------+---------+-------+---------+---------+-------
        D:1 |      34 |       0 |   0.0 |      19 |       0 |   0.0
        D:2 |      30 |      41 |  57.7 |      16 |       1 |   5.9
        D:3 |     150 |      37 |  19.8 |      15 |       1 |   6.2
        D:4 |     242 |      10 |   4.0 |      14 |       2 |  12.5
        D:5 |     657 |      82 |  11.1 |      16 |       3 |  15.8
        D:6 |     782 |     783 |  50.0 |      13 |      15 |  53.6
        D:7 |    1633 |     255 |  13.5 |      26 |       1 |   3.7
        D:8 |    2192 |     425 |  16.2 |      31 |       4 |  11.4
        D:9 |    1928 |     736 |  27.6 |      13 |      10 |  43.5
       D:10 |    1909 |       0 |   0.0 |      13 |       0 |   0.0
     Lair:1 |    3736 |    1156 |  23.6 |      19 |       4 |  17.4
     Lair:2 |    7983 |    2254 |  22.0 |      22 |       9 |  29.0
      Sewer |       0 |     303 | 100.0 |       0 |      31 | 100.0
     Bailey |       0 |    2000 | 100.0 |       0 |      38 | 100.0
            +---------+---------+-------+---------+---------+-------

Illustrated notes

Table legend:
 A = Kills in this place as a percentage of kills in the entire game.
 B = Kills by you in this place as a percentage of kills by you in the entire game.
 C = Kills by friends in this place as a percentage of kills by friends in the entire game.
 D = Other kills in this place as a percentage of other kills in the entire game.
 E = Experience gained in this place as a percentage of experience gained in the entire game.
 F = Experience gained in this place divided by the number of levels of this place that you have seen.
                   A       B       C       D       E      F
               +-------+-------+-------+-------+-------+----------------------
         Total | 100.0 | 100.0 |   N/A |   N/A | 100.0 | 1957.2
       Dungeon |  63.4 |  63.4 |   N/A |   N/A |  40.6 | 1192.6
          Lair |  16.1 |  16.1 |   N/A |   N/A |  51.5 | 7564.5
         Sewer |   9.2 |   9.2 |   N/A |   N/A |   1.0 | 303.0
        Bailey |  11.3 |  11.3 |   N/A |   N/A |   6.8 | 2000.0
               +-------+-------+-------+-------+-------+----------------------

Table legend: (Time is in decaauts)
 A = Elapsed time spent in this place.
 B = Non-inter-level travel time spent in this place.
 C = Inter-level travel time spent in this place.
 D = Time resting spent in this place.
 E = Time spent auto-exploring this place.
 F = Levels seen in this place.
 G = Mean time per level.
                   A        B        C        D        E       F      G
               +--------+--------+--------+--------+--------+-----+--------+
         Total |  14315 |  13678 |    637 |    403 |  10686 |  15 |  954.3 |
       Dungeon |  10559 |   9972 |    587 |    175 |   8226 |  10 | 1055.9 |
        Temple |    205 |    187 |     18 |      0 |    167 |   1 |  205.0 |
          Lair |   2106 |   2075 |     31 |    188 |   1476 |   2 | 1053.0 |
         Sewer |    538 |    538 |      0 |      0 |    331 |   1 |  538.0 |
        Bailey |    906 |    906 |      0 |     40 |    484 |   1 |  906.0 |
               +--------+--------+--------+--------+--------+-----+--------+

Top non-repeatable levels by time:
     D:5: 1394 daAuts
     D:8: 1256 daAuts
     D:2: 1190 daAuts
     D:4: 1180 daAuts
  Lair:1: 1166 daAuts
     D:7: 1094 daAuts
    D:10: 994 daAuts
  Lair:2: 939 daAuts
     D:6: 939 daAuts
  Bailey: 906 daAuts
     D:1: 878 daAuts
     D:9: 846 daAuts
     D:3: 785 daAuts
   Sewer: 538 daAuts
  Temple: 205 daAuts
